 Dungeon Crawl Stone Soup version 0.26.1-11-gd32895ea62 (webtiles) character file.

Game seed: 13214741462015370754

784 Ketharn the Covered (level 7, -8/62 HPs)
             Began as a Minotaur Berserker on June 26, 2021.
             Was a Believer of Trog.
             Mangled by a warg (12 damage)
             ... on level 6 of the Dungeon.
             The game lasted 00:14:56 (4299 turns).

Ketharn the Covered (Minotaur Berserker)            Turns: 4299, Time: 00:14:58

Health: -8/62      AC:  8    Str: 24    XL:     7   Next: 55%
Magic:  6/6        EV: 12    Int:  4    God:    Trog [**....]
Gold:   405        SH:  0    Dex:  9    Spells: 6/6 levels left

rFire    . . .     SeeInvis .   p - +0 flail
rCold    . . .     Faith    .   (no shield)
rNeg     . . .     Spirit   .   h - +0 ring mail
rPois    .         Reflect  .   (helmet restricted)
rElec    .         Harm     .   s - +0 cloak
rCorr    .         Rampage  .   b - +0 pair of gloves
Will     ++...                  (no boots)
Stlth    ..........             (no amulet)
HPRegen  1.20/turn              (no ring)
MPRegen  0.10/turn              (no ring)

@: lethally poisoned (-8 -> -8), berserk cooldown, regenerating, slowed, very
slow
A: retaliatory headbutt, horns 2
a: Renounce Religion, Berserk, Trog's Hand


You were on level 6 of the Dungeon.
You worshipped Trog.
Trog was pleased with you.
You visited 1 branch of the dungeon, and saw 6 of its levels.

You collected 405 gold pieces.

Inventory:

Hand Weapons
 a - a +0 hand axe
 i - a +0 club
 p - a +0 flail (weapon)
Armour
 b - a +0 pair of gloves (worn)
 h - a +0 ring mail (worn)
 s - a +0 cloak (worn)
Jewellery
 l - an uncursed ring of positive energy {unknown}
Scrolls
 c - 6 scrolls of identify {unknown}
 f - 3 scrolls of remove curse {unknown}
 g - 3 scrolls of magic mapping {unknown}
 k - 2 scrolls of noise {unknown}
 m - a scroll of random uselessness {unknown}
 n - a scroll of immolation {unknown}
 q - a scroll of teleportation {unknown}
 v - a scroll of enchant weapon {unknown}
Potions
 d - a potion of resistance {unknown}
 e - a potion of heal wounds {unknown}
 j - a potion of haste {unknown}
 o - a potion of flight {unknown}
 t - 2 potions of brilliance {unknown}
 u - 2 potions of curing {unknown}


   Skills:
 * Level 5.9 Fighting
 - Level 4.1(5.4) Axes
 * Level 5.4(6.1) Maces & Flails
 * Level 6.0 Armour
 * Level 4.1 Dodging


You had 6 spell levels left.
You didn't know any spells.
Your spell library was empty.

Dungeon Overview and Level Annotations

Branches:
Dungeon (6/15)
 Temple: D:4-7

Altars:
Okawaru
Beogh

Annotations:
D:6 RepoMan's ghost, novice FoIE


Innate Abilities, Weirdness & Mutations

You reflexively headbutt those who attack you in melee.
You have a pair of horns on your head.


Message History

The warg is moderately wounded.
You feel sick. The warg bites you but does no damage.
The warg closely misses you. The orc closely misses you.
The orc priest looks encouraged for a moment.
The warg bites you!
You hit the warg. You headbutt the warg.
The warg is severely wounded.
You feel sick. The orc misses you. The warg misses you.
The orc closely misses you. The warg bites you!
* * * LOW HITPOINT WARNING * * *
Your skin crawls.
You feel strong-willed.
You feel sick. The warg bites you.
* * * LOW HITPOINT WARNING * * *
The orc misses you. The warg bites you but does no damage.
The orc priest miscasts a cantrip.
You miss the warg.
The warg is severely wounded.
You feel sick. The warg bites you!
You die... #.### .oW

###.# #....#####....#
#.............#
######'''######..
8.......oo....8..
..............Woo###...
...............ooo.+
........########h###
........ ######@#####.#
........ #............#
.......####.........####
.......##..............#
........'.....##.......#
........#..###########.#
......<.#..# +
........#.## ........#.#


You could see a warg, 2 orc warriors, an orc priest, RepoMan's ghost and 4 orcs.

Vanquished Creatures
  A necrophage (D:5)
  3 ogres
  A centaur (D:5)
  A centaur zombie (D:5)
  A hound (D:5)
  4 orc wizards
  A bullfrog skeleton (D:4)
  An iguana (D:4)
  A worker ant (D:5)
  A worker ant zombie (D:5)
  An adder (D:5)
  An ufetubus (D:5)
  2 oozes
  An adder skeleton (D:4)
  2 dart slugs
  A leopard gecko (D:5)
  13 orcs
  2 giant cockroaches
  2 goblins
  6 hobgoblins
  4 jackals (D:3)
  4 kobolds (D:1)
  A quokka (D:5)
  3 bats
  8 frilled lizards
  A jackal skeleton (D:5)
  6 rats
73 creatures vanquished.

Notes
Turn   | Place    | Note
-------+----------+-------------------------------------------
     0 | D:1      | Ketharn the Minotaur Berserker began the quest for the Orb.
     0 | D:1      | Reached XP level 1. HP: 19/19 MP: 0/0
   295 | D:1      | Reached XP level 2. HP: 26/27 MP: 1/1
  1630 | D:2      | You fall into a shaft and drop 1 floor!
  1707 | D:3      | Reached XP level 3. HP: 34/34 MP: 2/2
  1862 | D:3      | Reached ** piety under Trog
  1951 | D:3      | Reached skill level 3 in Armour
  1951 | D:3      | Reached XP level 4. HP: 41/41 MP: 3/3
  1959 | D:3      | Reached skill level 5 in Fighting
  1959 | D:3      | Reached skill level 1 in Maces & Flails
  2834 | D:4      | Reached XP level 5. HP: 48/48 MP: 4/4
  2869 | D:4      | Reached skill level 4 in Armour
  2992 | D:4      | Noticed an ogre
  2998 | D:4      | Killed an ogre
  2999 | D:4      | Reached XP level 6. HP: 56/56 MP: 5/5
  3620 | D:5      | Entered Level 5 of the Dungeon
  3620 | D:5      | Found an iron altar of Okawaru.
  3644 | D:5      | Reached skill level 5 in Armour
  3898 | D:5      | Reached XP level 7. HP: 61/61 MP: 6/6
  4052 | D:5      | Reached skill level 5 in Maces & Flails
  4185 | D:5      | Reached *** piety under Trog
  4186 | D:5      | Reached skill level 6 in Armour
  4273 | D:6      | Found a runed translucent gate.
  4273 | D:6      | Found a runed translucent gate.
  4274 | D:6      | Found a runed translucent gate.
  4280 | D:6      | Identified the +8 mace of Bot Zid {venom, Str+3 Int+3
                  | Stlth+}
  4280 | D:6      | Identified the +6 chain mail of Taakhluynk {rN+ Str+4}
  4285 | D:6      | Found a roughly hewn altar of Beogh.
  4285 | D:6      | Noticed RepoMan's ghost (novice FoIE)
  4297 | D:6      | HP: 3/62 [warg (14)]
  4299 | D:6      | Mangled by a warg

Illustrated notes

Levels and vault maps discovered:
D:1:      matt_arrival_diagonals, layout_loops_corners,
          corexii_leaking_fountain, patterned_corridor
D:2:      layout_loops_cross, gammafunk_temple_overflow_statue,
          kennysheep_generic_room_13, uniq_terence
D:3:      layout_basic
D:4:      layout_loops_corners
D:5:      layout_rooms, okawaru_metal_pillars_3
D:6:      layout_basic, old_standard_altar, nzn_wu_jian_council_hall,
          biasface_ghost_orc_armoury, minmay_ruined_shrine,
          uniq_crazy_yiuf_cottage, uniq_pikel

Skill      XL: |  1  2  3  4  5  6  7 |
---------------+----------------------+-----
Fighting       | 4 5 |  5.9
Axes           | 4 |  4.1
Armour         | 3 4 5 6 |  6.0
Maces & Flails | 1 3 4 5 |  5.4
Dodging        | 3 4 |  4.1

Action                   |  1- 3 |  4- 6 |  7- 9 || total
-------------------------+-------+-------+-------++-------
Melee: Hand axe          |    27 |       |       ||    27
       Headbutt          |    16 |    15 |     6 ||    37
       Club              |    33 |       |       ||    33
       Flail             |     3 |    62 |    32 ||    97
Invok: Berserk           |     2 |     3 |     1 ||     6
       Trog's Hand       |       |       |     1 ||     1
Armor: Animal skin       |     4 |       |       ||     4
       Ring mail         |    28 |    17 |    16 ||    61
Dodge: Dodged            |    41 |    29 |    24 ||    94
